 Seeded DCSS version 0.29-a0-384-g6960b1960d (webtiles) character file.

Game seed: 2674968660393034896 (custom seed)

2362 zeratav the Summoner (level 9, -5/57 HPs)
             Began as a Merfolk Summoner on May 6, 2022.
             Slain by a troll (16 damage)
             ... on level 6 of the Dungeon.
             The game lasted 00:20:23 (8051 turns).

zeratav the Summoner (Merfolk Summoner)             Turns: 8051, Time: 00:20:24

Health: -5/57      AC:  2    Str:  8    XL:     9   Next: 44%
Magic:  10/16      EV: 12    Int: 24    God:
Gold:   370        SH:  0    Dex: 15    Spells: 11/18 levels left

rFire   . . .      SeeInvis +   p - +0 spear {polearm}
rCold   . . .      Faith    .   (no shield)
rNeg    . . .      Spirit   .   a - +0 robe
rPois   .          Reflect  .   (no helmet)
rElec   .          Harm     .   (no cloak)
rCorr   .          Rampage  .   (no gloves)
Will    .....                   (no boots)
Stlth   ++........              z - amulet of the acrobat
HPRegen 0.19/turn               m - ring of see invisible
MPRegen 0.15/turn               q - +6 ring of intelligence

@: no status effects
A: (nimble swimmer 2), mertail
a: no special abilities


You were on level 6 of the Dungeon.
You visited 1 branch of the dungeon, and saw 6 of its levels.

You collected 370 gold pieces.


Innate Abilities, Weirdness & Mutations

((You are very nimble when in or above water. (Stealth+, EV+, Speed+++)))
Your lower body shifts to a powerful aquatic tail in water.


   Skills:
 + Level 7.9 Polearms
 - Level 2.6 Dodging
 - Level 2.1 Stealth
 - Level 5.0 Spellcasting
 * Level 10.3 Summonings


You had 11 spell levels left.
You knew the following spells:

 Your Spells              Type           Power      Damage    Failure   Level
a - Summon Small Mammal   Summ           100%       N/A       1%          1
b - Call Canine Familiar  Summ           53%        N/A       1%          3
c - Summon Guardian Gole  Hex/Summ       30%        N/A       3%          3

Your spell library contained the following spells:

 Spells                   Type           Power      Damage    Failure   Level
 Call Imp                 Summ           53%        N/A       1%          2
 Beastly Appendage        Tmut           12%        N/A       9%          1
 Summon Lightning Spire   Summ/Air       30%        N/A       11%         4
 Scorch                   Fire           12%        2d5       13%         2
 Sublimation of Blood     Necr           6%         N/A       13%         2
 Wereblood                Tmut           6%         N/A       13%         2
 Summon Cactus Giant      Summ           26%        N/A       19%         6
 Dazzling Flash           Conj/Hex       12%        N/A       26%         3
 Spider Form              Tmut/Pois      6%         N/A       26%         3
 Flame Wave               Conj/Fire      6%         2d5       65%         4
 Iskenderun's Mystic Bla  Conj/Tloc      6%         2d4       65%         4
 Summon Hydra             Summ           26%        N/A       71%         7
 Starburst                Conj/Fire      3%         6d3       100%        6

Inventory:

Hand Weapons
 p - a +0 spear (weapon) {polearm}
   (You found it on level 2 of the Dungeon)
 H - the +7 war axe "Kir Kydo" {drain, Drain rPois Int-5 SInv, axe}
   (You found it on level 6 of the Dungeon)

   A truly terrible weapon, it drains the life of any living foe it strikes.
   Int:       It affects your intelligence (-5).
   rPois:     It protects you from poison.
   SInv:      It lets you see invisible.
   Drain:     It drains your maximum health when unequipped.
 L - a +0 whip of electrocution {mace}
   (You found it on level 6 of the Dungeon)
Missiles
 g - 13 poisoned darts (quivered) {throwing}
Armour
 a - a +0 robe (worn)
 d - a +0 robe
   (You took it off an orc wizard on level 4 of the Dungeon)
 C - a +0 cloak
   (You found it on level 5 of the Dungeon)
 D - a +0 robe
   (You took it off an orc wizard on level 5 of the Dungeon)
 E - a +0 ring mail
   (You took it off an orc on level 5 of the Dungeon)
 F - a +0 leather armour
   (You found it on level 6 of the Dungeon)
 G - a +0 scale mail
   (You found it on level 6 of the Dungeon)
 M - a +0 robe
   (You found it on level 6 of the Dungeon)
Jewellery
 m - a ring of see invisible (left hand)
   (You found it on level 2 of the Dungeon)
 q - a +6 ring of intelligence (right hand)
   (You found it on level 5 of the Dungeon)
 z - an amulet of the acrobat (around neck)
   (You found it on level 4 of the Dungeon)
Wands
 w - a wand of mindburst (24)
   (You found it on level 5 of the Dungeon)
 J - a wand of acid (10)
   (You found it on level 6 of the Dungeon)
 K - a wand of polymorph (10)
   (You found it on level 6 of the Dungeon)
Scrolls
 e - 5 scrolls of vulnerability {unknown}
 f - 11 scrolls of identify {unknown}
 h - 2 scrolls of fog {unknown}
 i - 3 scrolls of blinking {unknown}
 l - 2 scrolls of amnesia {unknown}
 s - a scroll of noise {unknown}
 t - a scroll of magic mapping {unknown}
 u - 2 scrolls of poison {unknown}
 x - 3 scrolls of teleportation {unknown}
 y - 2 scrolls of immolation {unknown}
 I - a scroll of silence {unknown}
Potions
 b - a potion of magic
 c - a potion of might {unknown}
 j - 2 potions of mutation {unknown}
 k - a potion of flight {unknown}
 n - 2 potions of curing {unknown}
 o - a potion of lignification {unknown}
 r - 2 potions of degeneration {unknown}
 v - a potion of cancellation {unknown}
 A - 2 potions of attraction {unknown}
 B - a potion of heal wounds {unknown}

Dungeon Overview and Level Annotations

Branches:
Dungeon (6/15)
 Temple: D:4-7

Altars:
Kikubaaqudgha
Sif Muna
Uskayaw
Vehumet
Yredelemnul

+##+ +.### #. #..#
#..#.... #. #..#
#..#.... ##.###..#
#..##.#. ###....+..+
+..+..#. #......#..#
#..#..##
#...h#9.#+###+#..#.)..
#...T#..#....†#..##...
#....@##'##+##'##'..##
##...#.....#....†##.#
.......#.....#.....##.#
#####..###+##'##+####.#
#..........# #+#
#..........#
#..........#
#..........#
..........#


You could see a troll (ally target), a friendly guardian golem (summoned) and a
friendly wolf (summoned).


Message History

Flame seeps out of your guardian golem.
Your guardian golem is engulfed in blazing flames.
Flame seeps out of your guardian golem.
Your guardian golem is engulfed in blazing flames.
Flame seeps out of your guardian golem.
Your guardian golem is engulfed in blazing flames.
Flame seeps out of your guardian golem.
HP[+1] Pikel hits your guardian golem with a +0 whip of electrocution.
Flame seeps out of your guardian golem.
MP[+1]
Your guardian golem is engulfed in blazing flames.
Flame seeps out of your guardian golem.
Your guardian golem is engulfed in blazing flames.
Your guardian golem disappears in a puff of smoke!
The fiery explosion engulfs Pikel!!
Pikel is engulfed in blazing flames.
Pikel dies!
With Pikel's spell broken, his former minions thank you for their freedom.
The lemure departs this earthly plane. x2
You hear an angry hiss.
Your Summonings skill increases to level 10!
Unknown command.
You start resting.
An iguana comes into view.
HP[+1]
An iguana is nearby!
Casting: Summon Guardian Golem (dangerous; 3% risk of failure)
Confirm with . or Enter, or press ? or * to list all spells.
A guardian golem appears, shielding your allies.
MP[-2]
You lost 2 mp, and now have 2/16 mp.
What are your orders? t - Shout!
Orders for allies: a - Attack new target. r - Retreat! s - Stop attacking. g - Guard the area. f - Follow me.
Anything else - Cancel.
Gang up on whom?
Press: ? - help, Dir - move target, f - iguana
Aim: an iguana Attack!
Your guardian golem is engulfed in blazing flames.
HP[+1]
Your guardian golem is engulfed in blazing flames.
The iguana bites your guardian golem.
Your guardian golem is engulfed in blazing flames.
The iguana bites your guardian golem!
Your guardian golem is engulfed in blazing flames.
Your guardian golem overheats!
Your guardian golem is engulfed in blazing flames.
Flame seeps out of your guardian golem.
MP[+1]
The iguana bites your guardian golem!
Your guardian golem disappears in a puff of smoke!
The fiery explosion engulfs the iguana!!
The iguana dies!
HP[+1] Unknown command.
You start resting.
HP[+16] MP[+12]
Your hp is fully restored (57).
You regained 12 mp, and now have 15/16 mp.
You start resting.
MP[+1]
Your mp is fully restored (16).
L - a +0 whip of electrocution {mace};
M - a +0 robe
There is an open door, spattered with blood here.
You see here an iguana corpse.
There is an open door here.
There is an open door here.
You open the door.
There is an open door here.
You open the door.
A troll comes into view.
The troll shouts!
There is an open door here.
Casting: Summon Guardian Golem (dangerous; 3% risk of failure)
Confirm with . or Enter, or press ? or * to list all spells.
The troll bites you! The troll claws you. The troll claws you!
* * * LOW HITPOINT WARNING * * *
HP[-31] MP[-3]
You take 31 damage, and now have 26/57 hp.
MASSIVE DAMAGE!! (PAUSE)
You lost 3 mp, and now have 13/16 mp.
Unknown command.
Casting: Call Canine Familiar (safe; 1% risk of failure)
Confirm with . or Enter, or press ? or * to list all spells.
A guardian golem appears, shielding your allies.
Your wolf bites the troll.
The troll bites you.
* * * LOW HITPOINT WARNING * * *
The troll claws you.
* * * LOW HITPOINT WARNING * * *
The troll claws you.
* * * LOW HITPOINT WARNING * * *
HP[-15] MP[-3]
You take 15 damage, and now have 11/57 hp.
MASSIVE DAMAGE!! (PAUSE)
You lost 3 mp, and now have 10/16 mp.
The troll attacks as you move away! The troll bites you!
You die...

Skill      XL: |  1  2  3  4  5  6  7  8  9 |
---------------+----------------------------+-----
Summonings     | 5 6 7 9 10 | 10.3
Spellcasting   | 3 4 5 |  5.0
Polearms       | 1 2 3 4 6 7 |  7.9
Dodging        | |  2.6
Stealth        | |  2.1

Action                   |  1- 3 |  4- 6 |  7- 9 || total
-------------------------+-------+-------+-------++-------
Melee: Unarmed           |     8 |       |       ||     8
       Dagger            |    48 |       |       ||    48
       Spear             |     8 |    70 |   111 ||   189
       Punch             |       |     1 |     3 ||     4
       Tailslap          |       |       |     4 ||     4
Throw: Dart              |     4 |     4 |       ||     8
 Cast: Summon Small Mamm |    35 |    15 |       ||    50
       Call Canine Famil |     9 |    22 |    19 ||    50
       Summon Guardian G |       |     1 |    22 ||    23
 Stab: Distracted        |     1 |     1 |     2 ||     4
Armor: Robe              |    11 |     7 |    18 ||    36
Dodge: Dodged            |    57 |    30 |    66 ||   153

Levels and vault maps discovered:
D:1:      matt_arrival_grand_opening, layout_rooms,
          ebering_ecumenical_altar_abandoned, serial_corexii_hall,
          chequers_hall_statues_y, corexii_hall_statues_deadend,
          corexii_hall_statues_i, chequers_hall_statues_y
D:2:      layout_rooms, basic_altar, nrook_mini_backslash, uniq_terence
D:3:      layout_loops_ring, kennysheep_potato
D:4:      layout_layer_cave, palyth_temple_overflow_mages,
          nicolae_uskayaw_dance_hall
D:5:      layout_basic, chequers_serial_rivers_micro_b, uniq_grinder
D:6:      layout_basic, mainiacjoe_overflow_24_doors, kennysheep_generic_room_2,
          uniq_pikel, uniq_blork_the_orc, uniq_eustachio, uniq_prince_ribbit1

Notes
Turn   | Place    | Note
-------+----------+-------------------------------------------
     0 | D:1      | zeratav the Merfolk Summoner began the quest for the Orb.
     0 | D:1      | Reached XP level 1. HP: 13/13 MP: 3/3
     0 | D:1      | magus.rc [v1.9.6]
   147 | D:1      | You pick up a book of Scorching and begin reading...
   147 | D:1      | You add the spells Scorch, Flame Wave and Summon Cactus
                  | Giant to your library.
   170 | D:1      | HP: 3/13 [hobgoblin (1)]
   173 | D:1      | Reached XP level 2. HP: 5/19 MP: 3/5
   398 | D:1      | Found a faded altar of an unknown god.
   865 | D:1      | Reached XP level 3. HP: 10/24 MP: 2/6
  1435 | D:2      | Learned a level 3 spell: Call Canine Familiar
  1486 | D:2      | HP: 6/24 [poisoned by an adder]
  1601 | D:2      | You pick up a book of Blood and begin reading...
  1601 | D:2      | You add the spells Sublimation of Blood, Wereblood and
                  | Summon Hydra to your library.
  2005 | D:2      | HP: 6/24 [hobgoblin/+0 great sword (6)]
  2016 | D:2      | HP: 4/24 [jackal (3)]
  2328 | D:2      | Found a basalt altar of Yredelemnul.
  2394 | D:2      | Reached skill level 5 in Summonings
  2461 | D:2      | Noticed Terence
  2598 | D:2      | Killed Terence
  2599 | D:2      | Reached XP level 4. HP: 30/30 MP: 2/8
  2793 | D:2      | You pick up a book of Spectacle and begin reading...
  2793 | D:2      | You add the spells Dazzling Flash, Iskenderun's Mystic
                  | Blast and Starburst to your library.
  3556 | D:3      | Reached skill level 3 in Spellcasting
  3671 | D:3      | Reached skill level 1 in Polearms
  3671 | D:3      | Reached XP level 5. HP: 35/35 MP: 5/9
  4434 | D:4      | Found a hide-covered altar of Uskayaw.
  4639 | D:4      | Found a shimmering blue altar of Sif Muna.
  4645 | D:4      | Found an ancient bone altar of Kikubaaqudgha.
  4651 | D:4      | Found a radiant altar of Vehumet.
  4673 | D:4      | Reached skill level 2 in Polearms
  4729 | D:4      | Reached skill level 6 in Summonings
  4729 | D:4      | Reached XP level 6. HP: 36/41 MP: 7/11
  4873 | D:4      | Got Sif Muna's Catalogue of the Entourage
  5010 | D:5      | Entered Level 5 of the Dungeon
  5255 | D:5      | Noticed a water moccasin
  5285 | D:5      | Learned a level 3 spell: Summon Guardian Golem
  5305 | D:5      | Killed a water moccasin
  5306 | D:5      | Reached skill level 3 in Polearms
  5306 | D:5      | Reached XP level 7. HP: 46/46 MP: 10/12
  5417 | D:5      | Noticed Grinder
  5448 | D:5      | Paralysed by Grinder for 3 turns
  5487 | D:5      | Paralysed by Grinder for 2 turns
  5494 | D:5      | Killed Grinder
  5495 | D:5      | Reached skill level 4 in Polearms
  5495 | D:5      | Reached skill level 4 in Spellcasting
  5495 | D:5      | Reached skill level 7 in Summonings
  5899 | D:5      | Reached XP level 8. HP: 52/52 MP: 7/14
  6059 | D:5      | Reached skill level 5 in Polearms
  6240 | D:5      | Reached skill level 8 in Summonings
  6632 | D:6      | Noticed Eustachio
  6699 | D:6      | Killed Eustachio
  6700 | D:6      | Reached skill level 5 in Spellcasting
  6707 | D:6      | Noticed Prince Ribbit
  6795 | D:6      | Killed Prince Ribbit
  6796 | D:6      | Reached skill level 6 in Polearms
  7082 | D:6      | Identified the +7 war axe "Kir Kydo" {drain, Drain rPois
                  | Int-5 SInv}
  7480 | D:6      | Reached skill level 9 in Summonings
  7592 | D:6      | You pick up a book of Changes and begin reading...
  7592 | D:6      | You add the spells Beastly Appendage and Spider Form to
                  | your library.
  7676 | D:6      | Reached XP level 9. HP: 32/57 MP: 12/16
  7687 | D:6      | Reached skill level 7 in Polearms
  7907 | D:6      | Noticed Pikel
  7929 | D:6      | Killed Pikel
  7930 | D:6      | Reached skill level 10 in Summonings
  8048 | D:6      | Noticed a troll
  8050 | D:6      | HP: 11/57 [troll (6)]
  8051 | D:6      | Slain by a troll

Vanquished Creatures
  Grinder (D:5)
  A scorpion (D:5)
  A hound (D:6)
  An iguana (D:6)
  2 orc wizards
  An adder (D:3)
  An ufetubus (D:5)
  A worm (D:3)
  3 orcs
  2 endoplasms (D:1)
  2 hobgoblins
  5 jackals (D:1)
  A bat (D:3)
  A frilled lizard (D:1)
  A kobold (D:1)
24 creatures vanquished.

Vanquished Creatures (collateral kills)
  Prince Ribbit (D:6)
  2 black bears
  An ice beast (D:6)
  A centaur (D:6)
  A bullfrog (D:6)
  A scorpion (D:5)
  A howler monkey (D:5)
  3 iguanas
  Terence (D:2)
  4 orc wizards (D:4)
  7 adders
  A worm (D:3)
  3 dart slugs
  9 orcs
  A bat (D:3)
  5 endoplasms
  4 giant cockroaches
  4 goblins
  4 hobgoblins
  5 jackals
  4 quokkas
  3 ball pythons
  2 frilled lizards
  3 kobolds
  A rat (D:1)
72 creatures vanquished.

Vanquished Creatures (others)
  Pikel (D:6)
  Eustachio (D:6)
  2 water moccasins
  A necrophage (D:5)
  2 iguanas
7 creatures vanquished.

Grand Total: 103 creatures vanquished

Table legend:
 A = Non-vault XP
 B = Vault XP
 C = Vault XP percentage of total XP
 D = Non-vault monster count
 E = Vault monster count
 F = Vault count percentage of total count
                 A         B        C        D         E       F
            +---------+---------+-------+---------+---------+-------
      Total |    1617 |    1758 |  52.1 |      88 |      15 |  14.6
            +---------+---------+-------+---------+---------+-------
        D:1 |      40 |       0 |   0.0 |      22 |       0 |   0.0
        D:2 |      40 |      36 |  47.4 |      15 |       1 |   6.2
        D:3 |      79 |       6 |   7.1 |      14 |       3 |  17.6
        D:4 |      75 |     177 |  70.2 |       8 |       5 |  38.5
        D:5 |     772 |     277 |  26.4 |      17 |       1 |   5.6
        D:6 |     611 |    1262 |  67.4 |      12 |       5 |  29.4
            +---------+---------+-------+---------+---------+-------

Illustrated notes

Table legend:
 A = Kills in this place as a percentage of kills in entire the game.
 B = Kills by you in this place as a percentage of kills by you in the entire game.
 C = Kills by friends in this place as a percentage of kills by friends in the entire game.
 D = Other kills in this place as a percentage of other kills in the entire game.
 E = Experience gained in this place as a percentage of experience gained in the entire game.
 F = Experience gained in this place divided by the number of levels of this place that you have seen.
                   A       B       C       D       E      F
               +-------+-------+-------+-------+-------+----------------------
         Total | 100.0 | 100.0 | 100.0 | 100.0 | 100.0 | 562.5
       Dungeon | 100.0 | 100.0 | 100.0 | 100.0 | 100.0 | 562.5
               +-------+-------+-------+-------+-------+----------------------

Table legend: (Time is in decaauts)
 A = Elapsed time spent in this place.
 B = Non-inter-level travel time spent in this place.
 C = Inter-level travel time spent in this place.
 D = Time resting spent in this place.
 E = Time spent auto-exploring this place.
 F = Levels seen in this place.
 G = Mean time per level.
                   A        B        C        D        E       F      G
               +--------+--------+--------+--------+--------+-----+--------+
         Total |   8017 |   7881 |    136 |   2396 |   4145 |   6 | 1336.2 |
       Dungeon |   8017 |   7881 |    136 |   2396 |   4145 |   6 | 1336.2 |
               +--------+--------+--------+--------+--------+-----+--------+

Top non-repeatable levels by time:
     D:5: 1803 daAuts
     D:2: 1525 daAuts
     D:1: 1429 daAuts
     D:6: 1204 daAuts
     D:3: 1048 daAuts
     D:4: 1006 daAuts
